 Dungeon Crawl Stone Soup version 0.24-a0-57-gac335f2 (console) character file.

Game seed: 890495201312087889

100373 Duffy the Covert (level 16, 85/85 HPs)
             Began as a Vine Stalker Fighter on Feb 4, 2019.
             Was a High Priest of Ru.
             Quit the game on level 2 of the Orcish Mines.
             The game lasted 00:44:23 (20939 turns).

Duffy the Covert (Vine Stalker Fighter)            Turns: 20939, Time: 00:44:23

Health: 85/85      AC: 14    Str: 17    XL:     16   Next: 27%
Magic:  32/32      EV: 17    Int: 21    God:    Ru [*****.]
Gold:   1665       SH: 18    Dex: 19    Spells: 19/25 levels left

rFire    + . .     SeeInvis .   a - +9 quick blade (vamp)
rCold    + . .     Gourm    .   c - +1 shield
rNeg     . . .     Faith    .   M - +3 ring mail "Viadim" {Slay+5}
rPois    .         Spirit   +   U - +3 hat of Pondering {ponderous, MR+ MP+10 Int+5}
rElec    .         Reflect  +   Y - +0 cloak of Plog {rF+ rC+}
rCorr    .         Harm     .   b - +1 pair of gloves "Duepn" {+Inv MR+ Regen+}
MR       +++++                  (no boots)
Stlth    +++++.....             y - +4 amulet of reflection
HPRegen  1.44/turn              N - ring "Poat" {Str-3 Int+5 Dex+2 Slay+2}
MPRegen  0.23/turn              g - ring of protection from magic

@: slow
A: fangs 3, low mp 1, regeneration 2, magic shield, antimagic bite, no potion
heal 3, rot immunity, inability to drink while threatened, hated by all,
inability to train armour
a: Draw Out Power, Power Leap, Apocalypse, Renounce Religion, Evoke Invisibility


You were on level 2 of the Orcish Mines.
You worshipped Ru.
Ru was extremely pleased with you.
You were not hungry.

You visited 3 branches of the dungeon, and saw 22 of its levels.
You also visited: Sewer, Gauntlet, Ice Cave and Volcano.

You collected 2660 gold pieces.
You spent 995 gold pieces at shops.

Inventory:

Hand Weapons
 a - a +9 vampiric quick blade (weapon)
 o - a +0 short sword of distortion
Missiles
 x - 4 throwing nets
Armour
 b - the +1 pair of gloves "Duepn" (worn) {+Inv MR+ Regen+}
   (You found it in a volcano)

   It affects your resistance to hostile enchantments.
   It lets you turn invisible.
   It increases your rate of regeneration.
 c - a +1 shield (worn)
 M - the +3 ring mail "Viadim" (worn) {Slay+5}
   (You found it on level 9 of the Dungeon)

   It affects your accuracy and damage with ranged weapons and melee attacks
   (+5).
 U - the +3 hat of Pondering (worn) {ponderous, MR+ MP+10 Int+5}
   (You took it off Gastronok on level 3 of the Lair of Beasts)

   It affects your intelligence (+5).
   It affects your resistance to hostile enchantments.
   It affects your magic capacity (+10).
 Y - the +0 cloak of Plog (worn) {rF+ rC+}
   (You found it in a Gauntlet)

   It protects you from fire.
   It protects you from cold.
Jewellery
 g - a ring of protection from magic (right hand)
 y - a +4 amulet of reflection (around neck)
 N - the ring "Poat" (left hand) {Str-3 Int+5 Dex+2 Slay+2}
   (You found it in a Gauntlet)

   [ring of strength]

   It affects your strength (-3).
   It affects your intelligence (+5).
   It affects your dexterity (+2).
   It affects your accuracy and damage with ranged weapons and melee attacks
   (+2).
 T - an uncursed ring of positive energy
 X - an uncursed ring of protection from cold
 Z - an uncursed ring of poison resistance
Wands
 h - a wand of polymorph (6)
 j - a wand of paralysis (10)
 F - a wand of scattershot (3)
 H - a wand of clouds (8)
 J - a wand of disintegration (33)
 O - a wand of iceblast (17)
 S - a wand of digging (8)
Scrolls
 e - 3 scrolls of magic mapping
 n - 19 scrolls of teleportation
 p - a scroll of holy word
 s - 3 scrolls of blinking
 v - 6 scrolls of fog
 w - 3 scrolls of vulnerability
 E - 5 scrolls of remove curse
 K - 2 scrolls of immolation
 R - 6 scrolls of identify
 V - 2 scrolls of fear
 W - a scroll of enchant armour
Potions
 d - 2 potions of might
 i - 6 potions of cancellation
 k - 9 potions of curing
 l - 2 potions of haste
 m - 3 potions of mutation
 q - 6 potions of flight
 r - 3 potions of ambrosia
 t - 6 potions of brilliance
 u - 8 potions of heal wounds (quivered)
 D - 3 potions of agility
 G - 3 potions of resistance
 I - 3 potions of berserk rage
 P - 2 potions of magic
 Q - a potion of lignification
Miscellaneous
 B - a crystal ball of energy
 L - a fan of gales
Comestibles
 f - 34 rations


   Skills:
 - Level 10.0 Fighting
 - Level 10.0 Short Blades
 + Level 9.2 Dodging
 + Level 12.9 Stealth
 + Level 11.9 Shields
 - Level 5.0 Spellcasting
 - Level 8.0 Hexes
 - Level 10.0 Evocations


You had 19 spell levels left.
You knew the following spells:

 Your Spells              Type           Power        Failure   Level  Hunger
h - Confusing Touch       Hex            #####.       1%          1    None
j - Confuse               Hex            #####...     3%          3    ##.....
k - Passwall              Tmut/Erth      #.......     41%         2    None

Your spell library contained the following spells:

 Spells                   Type           Power        Failure   Level  Hunger
 Inner Flame              Hex/Fire       ###.....     17%         3    ##.....
 Portal Projectile        Hex/Tloc       ###...       17%         3    ##.....
 Flame Tongue             Conj/Fire      #....        30%         1    None
 Freeze                   Ice            #...         30%         1    None
 Sandblast                Erth           #.....       30%         1    None
 Throw Flame              Conj/Fire      #.....       41%         2    None
 Throw Frost              Conj/Ice       #.....       41%         2    None
 Conjure Flame            Conj/Fire      #.......     65%         3    ##.....
 Gell's Gravitas          Tloc           #.........   65%         3    ##.....
 Ozocubu's Armour         Chrm/Ice       #.......     65%         3    ##.....
 Stone Arrow              Conj/Erth      #.....       65%         3    ##.....
 Metabolic Englaciation   Hex/Ice        ###.......   85%         5    #####..
 Yara's Violent Unravell  Hex/Tmut       ###.......   85%         5    #####..
 Force Lance              Conj/Tloc      #.......     96%         4    ####...
 Petrify                  Tmut/Erth      #.......     96%         4    ####...
 Sticky Flame             Conj/Fire      #.......     96%         4    ####...
 Throw Icicle             Conj/Ice       #.......     96%         4    ####...
 Blade Hands              Tmut           #.........   100%        5    #####..
 Fireball                 Conj/Fire      #.........   100%        5    #####..
 Lee's Rapid Deconstruct  Erth           #.........   100%        5    #####..
 Dispersal                Tloc           #.........   100%        6    #######
 Controlled Blink         Tloc           N/A          100%        8    #######
 Disjunction              Tloc           #.........   100%        8    #######
 Call Imp                 Summ           Unusable     N/A         2    N/A
 Summon Ice Beast         Ice/Summ       Unusable     N/A         4    N/A
 Shadow Creatures         Summ           Unusable     N/A         6    N/A

Dungeon Overview and Level Annotations

Branches:
Dungeon (14/15)            Temple (0/1) D:5            Lair (6/6) D:10
  Swamp (0/4) Lair:4       Spider (0/4) Lair:4        Slime (0/5) Lair:6
    Orc (2/2) D:9             Elf (0/3) Orc:2
 Vaults: D:13-14

Altars:
Hepliaklqana
Kikubaaqudgha
Qazlal
Ru
Vehumet
Xom
Beogh
Jiyva

Shops:
D:7 (   Orc:1 *(   Orc:2 [?::


Innate Abilities, Weirdness & Mutations

You have razor-sharp teeth.
Your magical capacity is low. (-10% MP)
You heal very quickly.
When hurt, damage is shared between your health and your magic reserves.
Your bite disrupts and absorbs the magic of your enemies.
Potions cannot restore your health.
You are immune to rotting.
You cannot drink potions while threatened.
You are hated by all.
You cannot train Armour skill.


Message History

a +0 chain mail; a +2 trident of piercing You see here a +0 whip.
There is a stone staircase leading down here.
You climb downwards.
There is a stone staircase leading up here.
Some of the chunks of flesh in your inventory have rotted away.
Eating one of 5 chunks of flesh.
You eat one of the 5 chunks of flesh.
This raw flesh tastes terrible.
All of the chunks of flesh in your inventory have rotted away.
Things that are here:
a +0 robe; a +0 dagger
There is an open door, spattered with blood here.
Items here: )) [[ a +0 leather armour; a +0 club; a +0 robe; a +0 dagger
Items here: )) [[ a cursed +0 robe; a cursed +0 halberd; a +0 robe; a +0 dagger
There is an open gate here.
There is an entrance to Buifud's Book Shop here.
You can access your shopping list by pressing '$'.
Are you sure you want to abandon this character and quit the game? (Confirm with "yes".)

.....................#.~#
_.....###'''###....._#~~#
##8..##.......##..8###~##
~...##.........##.0.0~##
~0~##..0..8.....##~~0##
####~..8.~~0.8..~#####
#~..0~~.0~0..~#
##~..~~...00..~##
#\..8..._.008..@#
##~..~~.0.~0..0##
#000.~~[0~...~#
#00.8.~.0.8.~~#
##0000.8...~~##
##00000..~~## ##~00.~~0##
####\#### ###


There were no monsters in sight!

Vanquished Creatures
  Gastronok (Lair:3)
  Kirke (D:13)
  A frost giant (IceCv)
  Azrael (Orc:2)
  A minotaur (Gauntlet)
  Snorg (D:12)
  Josephine (Lair:6)
  2 ogre magi (Orc:2)
  4 hydras
  The ghost of Wired the Grappler, a novice TrGl of Okawaru (D:9)
  A death knight (D:14)
  A centaur warrior (D:14)
  6 catoblepae
  A dancing weapon (D:9)
  16 death yaks
  7 two-headed ogres
  An orc high priest (Orc:2)
  Sonja (Lair:5)
  Urug (Lair:6)
  2 skeletal warriors (Volcano)
  A glowing orange brain (Gauntlet)
  The ghost of Killmatronix the Cleaver, a novice HOMo (D:5)
  An orc knight (D:9)
  A necromancer (Lair:5)
  2 ugly things
  4 anaconda skeletons (Volcano)
  A deep elf mage (D:13)
  10 orc sorcerers
  An oklob plant (Lair:2)
  4 manticores
  A cyclops (D:13)
  4 black mambas
  An eye of devastation (Gauntlet)
  4 elephants (Lair:3)
  7 gargoyles
  3 orange demons (D:13)
  4 centaur skeletons
  19 spiny frogs
  9 komodo dragons
  A rime drake (shapeshifter) (D:13)
  3 rime drakes
  An efreet (D:13)
  2 freezing wraiths
  10 polar bears (IceCv)
  4 trolls
  17 blink frogs
  A hornet (D:11)
  5 slime creatures
  Grinder (D:3)
  A bog body (Lair:4)
  12 hippogriffs
  3 flying skulls (Volcano)
  A spriggan (D:9)
  4 humans (D:13)
  2 wyverns
  Sigmund (D:4)
  A vampire (D:14)
  3 hungry ghosts
  3 fire bats (Orc:1)
  59 yaks
  A hog (D:13)
  7 wraiths
  2 basilisks
  Menkaure (D:4)
  3 vampire mosquitoes (D:14)
  Edmund (D:4)
  A soldier ant (D:11)
  2 wargs (Orc:2)
  An acid dragon (D:12)
  4 hell hounds
  6 porcupines
  6 water moccasins
  Duvessa (D:4)
  A floating eye (Gauntlet)
  16 orc warriors
  5 ice beasts
  A sky beast (D:9)
  5 black bears
  10 ogres
  A necrophage (D:12)
  13 centaurs
  26 wolves
  14 crocodiles
  19 bullfrogs
  5 big kobolds
  2 wyvern zombies
  2 gnoll sergeants
  Dowan (D:4)
  6 scorpions
  A wyvern skeleton (D:12)
  2 troll skeletons (Volcano)
  12 killer bees
  A spriggan skeleton (Volcano)
  9 wights
  6 howler monkeys
  7 crimson imps
  A quasit (D:13)
  3 centaur zombies
  4 bullfrog skeletons
  19 orc priests
  15 hounds
  2 jellies
  27 orc wizards
  2 iguanas
  8 worker ants
  A polar bear simulacrum (Lair:5)
  2 wolf simulacra (Lair:5)
  2 yak simulacra (Lair:5)
  A killer bee zombie (D:8)
  4 naga skeletons (Volcano)
  A hound zombie (D:7)
  A hound skeleton (D:5)
  A howler monkey zombie (D:5)
  A worker ant zombie (D:8)
  29 gnolls
  5 river rats (Sewer)
  10 adders
  2 shadow imps
  12 white imps (D:13)
  An ooze (D:2)
  An adder skeleton (D:9)
  2 worms (D:5)
  3 dart slugs
  2 leopard geckos
  67 orcs
  6 ball pythons
  9 bats
  12 giant cockroaches
  6 goblins
  10 hobgoblins
  20 jackals
  A quokka (D:3)
  4 frilled lizards
  33 kobolds
  2 leopard gecko skeletons
  2 quokka skeletons (D:4)
  26 rats
  6 river rat simulacra (Lair:5)
  A plant (Lair:2)
832 creatures vanquished.

Vanquished Creatures (others)
  A komodo dragon (D:13)
  7 orcs
  6 fungi
  4 plants (Lair:6)
18 creatures vanquished.

Grand Total: 850 creatures vanquished

Notes
Turn   | Place    | Note
-------+----------+-------------------------------------------
     0 | D:1      | Duffy the Vine Stalker Fighter began the quest for the Orb.
     0 | D:1      | Reached XP level 1. HP: 11/11 MP: 2/2
   177 | D:1      | Reached XP level 2. HP: 10/16 MP: 3/3
   552 | D:1      | Reached XP level 3. HP: 15/20 MP: 4/4
  1224 | D:2      | Gained mutation: Your natural rate of healing is unusually
                  | fast. [Vine Stalker growth]
  1224 | D:2      | Reached XP level 4. HP: 20/24 MP: 3/5
  1336 | D:2      | Found a radiant altar of Vehumet.
  1757 | D:3      | Reached XP level 5. HP: 22/28 MP: 4/6
  1824 | D:3      | Found a sacrificial altar of Ru.
  1826 | D:3      | Found a stormy altar of Qazlal.
  1826 | D:3      | Found a hazy altar of Hepliaklqana.
  1852 | D:3      | Became a worshipper of Ru the Awakened
  2007 | D:3      | Reached XP level 6. HP: 19/33 MP: 7/7
  2013 | D:3      | Found a glowing drain.
  2034 | Sewer    | Entered a sewer
  2393 | Sewer    | Reached XP level 7. HP: 31/37 MP: 8/8
  2724 | D:3      | Noticed Grinder
  2742 | D:3      | Killed Grinder
  2803 | D:3      | Gained mutation: You are hated by all. [Ru sacrifice]
  2803 | D:3      | Reached * piety under Ru
  3442 | D:4      | Noticed Menkaure
  3504 | D:4      | Killed Menkaure
  3504 | D:4      | Gained mutation: You have razor-sharp teeth. [Vine Stalker
                  | growth]
  3504 | D:4      | Reached XP level 8. HP: 18/42 MP: 6/9
  3742 | D:4      | Noticed Duvessa
  3742 | D:4      | Noticed Dowan
  3758 | D:4      | Killed Duvessa
  3763 | D:4      | Killed Dowan
  3763 | D:4      | Reached skill level 5 in Fighting
  3763 | D:4      | Reached skill level 5 in Shields
  3795 | D:4      | Noticed Sigmund
  3804 | D:4      | Killed Sigmund
  3828 | D:4      | Noticed Edmund
  3846 | D:4      | Killed Edmund
  4087 | D:5      | Entered Level 5 of the Dungeon
  4087 | D:5      | Found a staircase to the Ecumenical Temple.
  4102 | D:4      | Reached skill level 5 in Armour
  4141 | D:4      | Reached skill level 5 in Short Blades
  4300 | D:5      | Reached XP level 9. HP: 39/48 MP: 10/10
  4565 | D:5      | Found a runed translucent gate.
  4572 | D:5      | Found a runed translucent gate.
  4573 | D:5      | Found a runed translucent gate.
  4574 | D:5      | Noticed Killmatronix's ghost (novice HOMo)
  4587 | D:5      | Found Doecounkiss's Assorted Antiques.
  5814 | D:7      | Found Sacis's Antique Weapon Shop.
  5848 | D:7      | Reached XP level 10. HP: 53/53 MP: 11/11
  5887 | D:7      | Learned a level 1 spell: Confusing Touch
  5891 | D:7      | Learned a level 3 spell: Confuse
  6444 | D:8      | Reached skill level 1 in Spellcasting
  6444 | D:8      | Reached skill level 1 in Hexes
  6592 | D:8      | Reached skill level 1 in Evocations
  7117 | D:9      | Got a fine ring mail
  7128 | D:9      | Identified the +3 ring mail "Viadim" {Slay+5} (You found it
                  | on level 9 of the Dungeon)
  7248 | D:9      | Found a runed translucent door.
  7248 | D:9      | Found a shimmering altar of Xom.
  7248 | D:9      | Noticed a +0 mace of chaos
  7248 | D:9      | Noticed Wired's ghost (novice TrGl)
  7444 | D:9      | Reached skill level 1 in Dodging
  7784 | D:9      | Found a staircase to the Orcish Mines.
  8038 | D:10     | Entered Level 10 of the Dungeon
  8147 | D:10     | Reached XP level 11. HP: 56/58 MP: 17/17
  8523 | D:10     | Found a staircase to the Lair.
  8609 | Orc:1    | Entered Level 1 of the Orcish Mines
  8609 | Orc:1    | Noticed an orc sorcerer
  8618 | D:9      | Killed an orc sorcerer
  8726 | Orc:1    | Found a dark tunnel.
  8767 | Volcano  | Entered a volcano
  8777 | Volcano  | Reached skill level 5 in Spellcasting
  8796 | Volcano  | Reached skill level 5 in Hexes
  8846 | Volcano  | Reached skill level 5 in Evocations
  9078 | Volcano  | Noticed a skeletal warrior
  9134 | Volcano  | Killed a skeletal warrior
  9193 | Volcano  | Noticed a skeletal warrior
  9237 | Volcano  | Killed a skeletal warrior
  9334 | Volcano  | Gained mutation: You heal very quickly. [Vine Stalker
                  | growth]
  9334 | Volcano  | Reached XP level 12. HP: 50/63 MP: 20/20
  9369 | Volcano  | Got a pair of slimy gloves
  9380 | Volcano  | Identified the +1 pair of gloves "Duepn" {+Inv MR+ Regen+}
                  | (You found it in a volcano)
 10015 | Orc:1    | Found a roughly hewn altar of Beogh.
 10107 | Orc:1    | Found Nen Xiotooxu's Assorted Antiques.
 10117 | Orc:1    | Found Nauxuplu's Antique Weapon Shoppe.
 10154 | Orc:1    | Bought a scroll labeled KOTI UTWUUJAYS for 28 gold pieces
 10154 | Orc:1    | Bought a scroll of identify for 56 gold pieces
 10154 | Orc:1    | Bought a runed helmet for 210 gold pieces
 10154 | Orc:1    | Bought a glass wand for 112 gold pieces
 10357 | Lair:1   | Entered Level 1 of the Lair of Beasts
 10445 | Lair:1   | Got a transparent trident
 10516 | Lair:1   | Got an ancient fustibalus
 10561 | Lair:1   | Identified the +9 fustibalus "Baha Ihi" {venom, MP-9 Int+3}
                  | (You found it on level 1 of the Lair of Beasts)
 10817 | Lair:1   | Reached skill level 1 in Stealth
 11212 | Lair:2   | Reached skill level 2 in Stealth
 11502 | Lair:2   | Reached skill level 10 in Short Blades
 11502 | Lair:2   | Reached skill level 3 in Stealth
 11830 | Lair:3   | Reached XP level 13. HP: 59/68 MP: 18/21
 11948 | Lair:3   | Reached skill level 4 in Stealth
 12237 | Lair:3   | Noticed Gastronok
 12256 | Lair:3   | Killed Gastronok
 12256 | Lair:3   | Reached skill level 5 in Stealth
 12705 | Lair:4   | Found a gate leading to a gauntlet.
 12727 | Gauntlet | Entered a Gauntlet
 12727 | Gauntlet | Found a transporter.
 12733 | Gauntlet | Found a transporter.
 12735 | Gauntlet | Found a transporter.
 12747 | Gauntlet | Identified the ring of Sodyttu {rPois MR+}
 12751 | Gauntlet | Found a transporter.
 12752 | Gauntlet | Found a transporter.
 12758 | Gauntlet | Noticed a great orb of eyes
 12760 | Gauntlet | Found a transporter.
 12777 | Gauntlet | Found a transporter.
 12780 | Gauntlet | Noticed a green death
 12784 | Gauntlet | Found a runed translucent door.
 12788 | Gauntlet | Found a transporter.
 12797 | Gauntlet | Found a transporter.
 12801 | Gauntlet | Found a transporter.
 12801 | Gauntlet | Found a transporter.
 12831 | Gauntlet | Found a runed translucent door.
 12832 | Gauntlet | Found a transporter.
 12832 | Gauntlet | Found a transporter.
 12833 | Gauntlet | Found a runed translucent door.
 12919 | Gauntlet | Found a transporter.
 13303 | Gauntlet | Reached skill level 6 in Stealth
 13314 | Gauntlet | Got a vibrating gossamer ring
 13330 | Gauntlet | Noticed a minotaur
 13338 | Gauntlet | Killed a minotaur
 13338 | Gauntlet | Reached skill level 5 in Dodging
 13352 | Gauntlet | Got a twisted cloak
 13363 | Gauntlet | Identified the cursed +0 cloak of Plog {rF+ rC+} (You found
                  | it in a Gauntlet)
 13364 | Gauntlet | Identified Vocaudod's Handbook of Creative Shape Shifting
 13445 | Lair:3   | Identified the cursed ring "Poat" {Str-3 Int+5 Dex+2
                  | Slay+2} (You found it in a Gauntlet)
 13611 | Lair:4   | Found a hole to the Spider Nest.
 13644 | Lair:4   | Found a staircase to the Swamp.
 14211 | Lair:5   | Noticed Sonja
 14224 | Lair:5   | Killed Sonja
 14253 | Lair:5   | Gained mutation: You cannot train Armour skill. [Ru
                  | sacrifice]
 14253 | Lair:5   | Reached ** piety under Ru
 14549 | Lair:5   | Reached skill level 7 in Stealth
 14754 | Lair:5   | Reached XP level 14. HP: 75/75 MP: 22/22
 15143 | Lair:6   | Entered Level 6 of the Lair of Beasts
 15220 | Lair:6   | Reached skill level 8 in Stealth
 15232 | Lair:6   | Noticed Josephine
 15242 | Lair:6   | Killed Josephine
 15359 | Lair:6   | Identified a scroll of acquirement
 15425 | Lair:6   | Found a staircase to the Slime Pits.
 15426 | Lair:6   | Found a viscous altar of Jiyva.
 15512 | Lair:6   | Noticed Urug
 15529 | Lair:6   | Killed Urug
 15577 | Lair:6   | Gained mutation: You cannot drink potions while threatened.
                  | [Ru sacrifice]
 15577 | Lair:6   | Reached *** piety under Ru
 15577 | Lair:6   | Reached **** piety under Ru
 15675 | Lair:6   | Reached skill level 9 in Stealth
 15716 | Lair:6   | Reached skill level 10 in Shields
 15728 | Lair:6   | Reached skill level 10 in Fighting
 16403 | D:5      | Killed Killmatronix's ghost
 16403 | D:5      | Reached XP level 15. HP: 80/80 MP: 23/23
 16584 | D:9      | Reached skill level 10 in Stealth
 16587 | D:9      | Killed Wired's ghost
 16642 | Orc:2    | Entered Level 2 of the Orcish Mines
 16669 | Orc:2    | Found a staircase to the Elven Halls.
 16694 | Orc:2    | Noticed Azrael
 16778 | Orc:2    | Killed Azrael
 17170 | Orc:2    | Found Qokhlenamp's Antique Armour Shop.
 17177 | Orc:2    | Bought a brightly glowing cloak for 285 gold pieces
 17199 | Orc:2    | Identified the +0 cloak "Sewanise" {SInv} (You bought it in
                  | a shop on level 2 of the Orcish Mines)
 17236 | Orc:2    | Found a radiant altar of Vehumet.
 17289 | Orc:2    | Found an ancient bone altar of Kikubaaqudgha.
 17316 | Orc:2    | Found a roughly hewn altar of Beogh.
 17316 | Orc:2    | Found Uclat's Magic Scroll Boutique.
 17317 | Orc:2    | Found Buifud's Book Shop.
 17324 | Orc:2    | Found Teel's Book Shop.
 17368 | Orc:2    | Bought a scroll of identify for 26 gold pieces
 17368 | Orc:2    | Bought a scroll of identify for 26 gold pieces
 17368 | Orc:2    | Bought a scroll of identify for 26 gold pieces
 17368 | Orc:2    | Bought a scroll of fear for 45 gold pieces
 17368 | Orc:2    | Bought a scroll of random uselessness for 13 gold pieces
 17368 | Orc:2    | Bought a scroll of fog for 26 gold pieces
 17368 | Orc:2    | Bought a scroll of magic mapping for 45 gold pieces
 17368 | Orc:2    | Bought a scroll of enchant armour for 97 gold pieces
 17784 | D:11     | Gained mutation: Your magical capacity is low. (-10% MP)
                  | [Ru sacrifice]
 17784 | D:11     | Reached ***** piety under Ru
 18238 | D:11     | Reached skill level 11 in Stealth
 18808 | D:12     | Noticed Snorg
 18824 | D:12     | Killed Snorg
 19368 | D:13     | Reached skill level 10 in Evocations
 19394 | D:13     | Found a frozen archway.
 19430 | IceCv    | Entered an ice cave
 19747 | IceCv    | Reached skill level 12 in Stealth
 19820 | IceCv    | Noticed a frost giant
 19859 | IceCv    | Killed a frost giant
 19859 | IceCv    | Reached XP level 16. HP: 55/85 MP: 22/22
 20151 | D:13     | Noticed Kirke
 20169 | D:13     | Killed Kirke
 20728 | D:14     | Learned a level 2 spell: Passwall
 20939 | Orc:2    | Quit the game

Vault maps used:
D:1:      minmay_arrival_loop
D:2:      lemuel_crystal_altar
D:3:      grunt_temple_overflow_open, portal_sewer_entry_f, uniq_grinder
D:4:      sigmund_edmund_badplayer, uniq_duvessa, uniq_menkaure
D:5:      minmay_temple_entry_glass, gammafunk_ghost_split, serial_shops,
          shop_fountains, first_ration, uniq_sigmund
D:7:      serial_shops, nicolae_shop_temple_entry_statues_fountains
D:9:      hiddenorc1_lemuel, ebering_ghost_xom
D:10:     lair_entry_dummy, the_bakery
D:11:     hangedman_decor_growths, chequers_garden, grunt_ministairs_1
D:12:     uniq_snorg
D:13:     portal_ice_cave_entry_imps, einodemon_barbed_minivault, uniq_kirke
D:14:     david_vaults_5, nicolae_trove_entry_diagonal, fedhas_altar_2,
          uniq_louise
Lair:1:   grunt_megastairs_4
Lair:2:   infiniplex_staircase_pool, minmay_lair_oklob_chamber
Lair:3:   uniq_gastronok
Lair:4:   wad_woods_04, skrybe_swamp_entry_bodies, spider_nest_entry_web_field,
          gauntlet_entry_generic, st_stairs_8
Lair:5:   eino_house_with_fridge, uniq_sonja
Lair:6:   evilmike_catoblepas_cave, slime_altar_1, uniq_josephine, uniq_urug
Orc:1:    nicolae_volcano_entry_batcave, basic_altar, serial_shops,
          nicolae_shop_stone, shop
Orc:2:    kennysheep_orc_mage_school, guppyfry_orc_lava_fort, uniq_azrael
Sewer:    sewer_minmay_treatment
IceCv:    ice_cave_caverns_03
Volcano:  volcano_tomb
Gauntlet: minmay_gauntlet_77_tree

Skill      XL: |  1  2  3  4  5  6  7  8  9 10 11 12 13 14 15 16 |
---------------+-------------------------------------------------+-----
Short Blades   | 2 3 4 5 6 7 9 10 | 10.0
Fighting       | 3 4 5 6 7 8 9 10 | 10.0
Shields        | 3 4 5 6 7 8 9 10 11 | 11.9
Armour         | 3 4 5 6 0 |  0.0
Spellcasting   | 3 5 |  5.0
Hexes          | 3 6 8 |  8.0
Evocations     | 3 6 7 9 10 | 10.0
Dodging        | 1 3 5 7 8 9 |  9.2
Stealth        | 3 7 9 12 | 12.9

Action                   |  1- 3 |  4- 6 |  7- 9 | 10-12 | 13-15 | 16-18 || total
-------------------------+-------+-------+-------+-------+-------+-------++-------
Melee: Rapier            |     8 |       |       |       |       |       ||     8
       Bite              |    25 |    76 |   153 |   417 |   584 |    82 ||  1337
       Dagger            |    74 |   224 |   423 |   830 |   391 |       ||  1942
       Quick blade       |       |       |       |       |   773 |   174 ||   947
 Cast: Confusing Touch   |       |       |       |    39 |    23 |     1 ||    63
       Confuse           |       |       |       |       |     7 |       ||     7
Invok: Sacrifice Love    |       |       |     1 |       |       |       ||     1
       Reject Sacrifices |       |       |     1 |     1 |     1 |       ||     3
       Sacrifice Durabil |       |       |       |       |     1 |       ||     1
       Sacrifice Drink   |       |       |       |       |     1 |       ||     1
       Sacrifice Essence |       |       |       |       |     1 |       ||     1
 Abil: Evoke Invisibilit |       |       |       |     2 |     8 |       ||    10
Evoke: Wand              |       |       |       |    16 |       |       ||    16
  Use: Scroll            |       |       |     8 |     9 |    23 |       ||    40
 Stab: Distracted        |       |       |     3 |     2 |     7 |     3 ||    15
       Confused          |       |       |       |    29 |    25 |       ||    54
       Invisible         |       |       |       |     9 |    54 |       ||    63
       Sleeping          |       |       |       |     2 |    43 |     1 ||    46
  Eat: Chunk             |     1 |     4 |    13 |     8 |    17 |     2 ||    45
       Ration            |       |       |       |     4 |     4 |     2 ||    10
Armor: Scale mail        |    26 |    76 |    92 |    26 |       |       ||   220
       Ring mail         |       |       |       |    77 |   101 |    10 ||   188
       Chain mail        |       |       |       |     6 |       |       ||     6
Dodge: Dodged            |    19 |    63 |    70 |   121 |   232 |    27 ||   532
Block: Shield            |    36 |   116 |   281 |   401 |   508 |    77 ||  1419
       Reflection        |       |       |     2 |    16 |    15 |     3 ||    36

Table legend:
 A = Non-vault XP
 B = Vault XP
 C = Vault XP percentage of total XP
 D = Non-vault monster count
 E = Vault monster count
 F = Vault count percentage of total count
                 A         B        C        D         E       F
            +---------+---------+-------+---------+---------+-------
      Total |   77422 |   65969 |  46.0 |     543 |     286 |  34.5
            +---------+---------+-------+---------+---------+-------
        D:1 |      60 |       0 |   0.0 |      33 |       0 |   0.0
        D:2 |      99 |       0 |   0.0 |      18 |       0 |   0.0
        D:3 |     207 |     271 |  56.7 |      30 |       7 |  18.9
        D:4 |     510 |     789 |  60.7 |      22 |       5 |  18.5
        D:5 |    1144 |     706 |  38.2 |      26 |       3 |  10.3
        D:6 |     668 |       0 |   0.0 |      18 |       0 |   0.0
        D:7 |     956 |       0 |   0.0 |      20 |       0 |   0.0
        D:8 |    1121 |       0 |   0.0 |      24 |       0 |   0.0
        D:9 |    4150 |    2083 |  33.4 |      42 |      20 |  32.3
       D:10 |    2744 |       0 |   0.0 |      29 |       0 |   0.0
       D:11 |    4095 |     222 |   5.1 |      28 |       2 |   6.7
       D:12 |    7454 |    1101 |  12.9 |      35 |       1 |   2.8
       D:13 |    7003 |    4715 |  40.2 |      26 |      21 |  44.7
       D:14 |    5578 |       0 |   0.0 |      18 |       0 |   0.0
     Lair:1 |    5177 |     548 |   9.6 |      21 |       2 |   8.7
     Lair:2 |    4077 |     535 |  11.6 |      22 |       1 |   4.3
     Lair:3 |    7317 |    2297 |  23.9 |      24 |       1 |   4.0
     Lair:4 |    1387 |     253 |  15.4 |       7 |       1 |  12.5
     Lair:5 |    6637 |    1603 |  19.5 |      24 |      13 |  35.1
     Lair:6 |   15115 |   15549 |  50.7 |      41 |      30 |  42.3
      Orc:1 |    1053 |    1009 |  48.9 |      23 |       6 |  20.7
      Orc:2 |     870 |   10880 |  92.6 |      12 |      51 |  81.0
      Sewer |       0 |     339 | 100.0 |       0 |      48 | 100.0
      IceCv |       0 |   11951 | 100.0 |       0 |      45 | 100.0
    Volcano |       0 |    6631 | 100.0 |       0 |      21 | 100.0
   Gauntlet |       0 |    4487 | 100.0 |       0 |       8 | 100.0
            +---------+---------+-------+---------+---------+-------
